 Dungeon Crawl Stone Soup version 0.26-a0-651-gb41185065b (webtiles) character file.

Game seed: 17936976709161933075

3304 Lanoc the Archer (level 9, 0/81 HPs)
             Began as a Minotaur Hunter on Oct 21, 2020.
             Was a Priest of Okawaru.
             Slain by a two-headed ogre
             ... wielding a +0 giant club
              (17 damage)
             ... on level 8 of the Dungeon.
             The game lasted 00:08:55 (8412 turns).

Lanoc the Archer (Minotaur Hunter)                  Turns: 8412, Time: 00:08:55

Health: 0/81       AC:  4    Str: 16    XL:     9   Next: 70%
Magic:  11/11      EV: 18    Int:  4    God:    Okawaru [***...]
Gold:   391        SH:  0    Dex: 24    Spells: 8/8 levels left

rFire    . . .     SeeInvis .   b - +5 whip "Xaaklois" {vorpal, +Inv rElec Int-4 Dex+9}
rCold    . . .     Faith    .   (no shield)
rNeg     . . .     Spirit   .   c - +0 leather armour
rPois    .         Reflect  .   (helmet restricted)
rElec    +         Harm     .   (no cloak)
rCorr    .         Rampage  .   p - +0 pair of gloves
MR       .....                  (no boots)
Stlth    ++........             (no amulet)
HPRegen  0.23/turn              (no ring)
MPRegen  0.12/turn              (no ring)

@: no status effects
A: retaliatory headbutt, horns 2
a: Heroism, Renounce Religion, Evoke Invisibility


You were on level 8 of the Dungeon.
You worshipped Okawaru.
Okawaru was most pleased with you.
You visited 2 branches of the dungeon, and saw 9 of its levels.

You collected 391 gold pieces.

Inventory:

Hand Weapons
 a - a +1 shortbow
 b - the +5 whip "Xaaklois" (weapon) {vorpal, +Inv rElec Int-4 Dex+9}
   (You found it on level 4 of the Dungeon)

   It inflicts extra damage upon your enemies.
   It affects your intelligence (-4).
   It affects your dexterity (+9).
   It insulates you from electricity.
   It lets you turn invisible.
Missiles
 d - 58 arrows
Armour
 c - a +0 leather armour (worn)
 p - a +0 pair of gloves (worn)
Scrolls
 e - 6 scrolls of identify {unknown}
 f - 2 scrolls of enchant weapon {unknown}
 g - a scroll of magic mapping {unknown}
 i - 2 scrolls of blinking {unknown}
 j - 3 scrolls of remove curse {unknown}
 l - 3 scrolls of amnesia {unknown}
 o - a scroll of noise {unknown}
 r - 3 scrolls of enchant armour {unknown}
 s - a scroll of immolation {unknown}
 u - 2 scrolls of teleportation {unknown}
 y - a scroll of fog {unknown}
Potions
 h - 4 potions of curing {unknown}
 k - a potion of resistance {unknown}
 m - 2 potions of heal wounds {unknown}
 n - a potion of flight {unknown}
 q - a potion of haste {unknown}
 t - a potion of berserk rage {unknown}
 v - a potion of degeneration {unknown}
 w - a potion of invisibility {unknown}
 x - a potion of stabbing {unknown}
 z - 3 potions of mutation {unknown}


   Skills:
 + Level 8.0 Fighting
 * Level 10.6 Bows
 + Level 7.2 Dodging
 - Level 0.7 Stealth
 + Level 5.2 Invocations


You had 8 spell levels left.
You didn't know any spells.
Your spell library contained the following spells:

 Spells                   Type           Power        Failure   Level
 Magic Dart               Conj           #...         56%         1
 Blink                    Tloc           N/A          71%         2
 Call Imp                 Summ           #.......     71%         2
 Slow                     Hex            #.......     71%         2
 Conjure Flame            Conj/Fire      #.......     91%         3
 Mephitic Cloud           Conj/Pois/Air  #.......     91%         3


Dungeon Overview and Level Annotations

Branches:
Dungeon (8/15)             Temple (1/1) D:4
   Lair: D:8-11

Altars:
Ashenzari
Cheibriados
Dithmenos
Elyvilon
Fedhas
Gozag
Hepliaklqana
Kikubaaqudgha
Makhleb
Nemelex Xobeh
Okawaru
Qazlal
Ru
Sif Muna
Trog
Uskayaw
Vehumet
Wu Jian
Xom
Yredelemnul
Zin
The Shining One

Annotations:
D:5 Blork the orc


Innate Abilities, Weirdness & Mutations

You reflexively headbutt those who attack you in melee.
You have a pair of horns on your head.


Message History

You hit the two-headed ogre but do no damage.
You headbutt the two-headed ogre!
The two-headed ogre is heavily wounded.
The two-headed ogre closely misses you. x2
You whack the two-headed ogre!
The two-headed ogre is severely wounded.
The two-headed ogre closely misses you.
The two-headed ogre hits you with a +0 giant spiked club!
You hit the two-headed ogre. You headbutt the two-headed ogre.
The two-headed ogre is severely wounded.
The two-headed ogre hits you with a +0 giant club!!
The two-headed ogre hits you but does no damage.
You hear a bellow! x2
You are too injured to fight recklessly!
You hit the two-headed ogre.
The two-headed ogre is almost dead.
The two-headed ogre hits you with a +0 giant club!!
* * * LOW HITPOINT WARNING * * *
The two-headed ogre hits you with a +0 giant spiked club!
You die...

...((.Y ....... .......
..♣.(.. ..... .$( #######
.#####.##############†.....
........YO@...........#####
###########.....#######
#.....# #######


You could see a two-headed ogre and a yak.

Vanquished Creatures
  Pikel (D:6)
  3 water moccasins
  An orc warrior (D:7)
  A sky beast (D:7)
  2 centaurs
  4 ogres
  2 lemures (D:6)
  A bullfrog (D:8)
  A water moccasin zombie (D:8)
  A gnoll sergeant (D:8)
  3 scorpions
  9 killer bees (D:8)
  3 wights (D:7)
  A howler monkey (D:4)
  3 hounds
  A jelly (D:6)
  A gnoll shaman (D:5)
  3 orc priests
  5 orc wizards
  Terence (D:2)
  3 iguanas
  6 worker ants
  A hound skeleton (D:7)
  A howler monkey zombie (D:5)
  15 gnolls
  8 adders
  A white imp (D:6)
  An ufetubus (D:8)
  2 adder skeletons
  2 worms
  2 leopard geckos
  27 orcs
  3 bats
  5 giant cockroaches
  A goblin (D:3)
  3 hobgoblins (D:3)
  19 jackals
  3 quokkas
  A kobold (D:1)
  A leopard gecko skeleton (D:7)
  A quokka zombie (D:6)
  5 rats
158 creatures vanquished.

Vanquished Creatures (others)
  A bush (D:8)
  6 fungi (D:8)
  21 plants (D:8)
28 creatures vanquished.

Grand Total: 186 creatures vanquished

Notes
Turn   | Place    | Note
-------+----------+-------------------------------------------
     0 | D:1      | Lanoc the Minotaur Hunter began the quest for the Orb.
     0 | D:1      | Reached XP level 1. HP: 18/18 MP: 0/0
   128 | D:2      | Reached XP level 2. HP: 25/25 MP: 1/1
   261 | D:2      | Noticed Terence
   272 | D:2      | Killed Terence
   272 | D:2      | Reached skill level 5 in Bows
   272 | D:2      | Reached XP level 3. HP: 30/31 MP: 2/2
   628 | D:3      | Reached XP level 4. HP: 12/38 MP: 3/3
  1611 | D:3      | Found a stormy altar of Qazlal.
  1716 | D:3      | Found a burning altar of Makhleb.
  1716 | D:3      | Found an ornate altar of the Wu Jian Council.
  1755 | D:3      | Found an ancient bone altar of Kikubaaqudgha.
  1859 | D:3      | Reached XP level 5. HP: 40/46 MP: 4/4
  2048 | D:4      | Noticed an ogre
  2066 | D:4      | Killed an ogre
  2066 | D:4      | Reached skill level 6 in Bows
  2444 | D:4      | Got a brightly glowing whip
  2445 | D:4      | Identified the +5 whip "Xaaklois" {vorpal, +Inv rElec Int-4
                  | Dex+9} (You found it on level 4 of the Dungeon)
  2471 | D:4      | Reached XP level 6. HP: 43/53 MP: 5/5
  2603 | D:4      | Found a staircase to the Ecumenical Temple.
  2611 | Temple   | Entered the Ecumenical Temple
  2725 | Temple   | Became a worshipper of Warmaster Okawaru
  3233 | D:4      | Reached skill level 1 in Invocations
  3622 | D:4      | Reached skill level 7 in Bows
  3752 | D:5      | Entered Level 5 of the Dungeon
  3779 | D:5      | Reached skill level 5 in Fighting
  3779 | D:5      | Reached XP level 7. HP: 57/61 MP: 5/7
  3933 | D:5      | Reached * piety under Okawaru
  4031 | D:5      | Noticed Blork the orc
  4229 | D:5      | Reached skill level 8 in Bows
  4229 | D:5      | Reached skill level 5 in Dodging
  4621 | D:6      | Reached XP level 8. HP: 42/70 MP: 8/8
  5046 | D:6      | Found a bloodstained altar of Trog.
  5157 | D:6      | Noticed Pikel
  5175 | D:6      | Killed Pikel
  5175 | D:6      | Reached ** piety under Okawaru
  5175 | D:6      | Reached skill level 9 in Bows
  6265 | D:7      | Reached XP level 9. HP: 56/79 MP: 11/11
  6529 | D:7      | Reached *** piety under Okawaru
  7081 | D:7      | Reached skill level 10 in Bows
  7113 | D:7      | Found a hide-covered altar of Uskayaw.
  7809 | D:8      | Reached skill level 5 in Invocations
  8401 | D:8      | Noticed a two-headed ogre
  8412 | D:8      | Slain by a two-headed ogre

Illustrated notes

Levels and vault maps discovered:
D:1:      ncdulo_halloftheorcs, layout_loops_cross, minmay_octomino_e4
D:2:      minmay_recursive_quarters, layout_basic, uniq_terence
D:3:      layout_loops_ring, nicolae_overflow_hidden_temple, lemuel_round_altar,
          gammafunk_temple_overflow_elements
D:4:      layout_loops_corners, minmay_temple_entry_glassed_door, minmay_vboxes
D:5:      layout_cave_pools, uniq_blork_the_orc
D:6:      layout_layer_cave, lemuel_coloured_pillars_altar, uniq_pikel
D:7:      layout_layer_cave, marbit_many_paths
D:8:      layout_rooms, minmay_lair_entry_grove, ebering_ghost_xom,
          corexii_leaking_fountain
Temple:   eino_temple_rhombus

Skill      XL: |  1  2  3  4  5  6  7  8  9 |
---------------+----------------------------+-----
Fighting       | 3 4 5 7 8 |  8.0
Bows           | 5 6 7 8 9 10 | 10.6
Dodging        | 3 4 5 6 7 |  7.2
Invocations    | 1 2 4 5 |  5.2
Stealth        | |  0.7

Action                   |  1- 3 |  4- 6 |  7- 9 || total
-------------------------+-------+-------+-------++-------
Melee: Short sword       |    22 |    79 |       ||   101
       Headbutt          |     2 |    31 |    43 ||    76
       Whip              |       |    55 |   153 ||   208
 Fire: Shortbow          |    34 |     8 |   205 ||   247
 Stab: Sleeping          |       |       |     2 ||     2
Armor: Leather armour    |    14 |    28 |    22 ||    64
Dodge: Dodged            |    24 |    95 |   205 ||   324

Table legend: (Time is in decaauts)
 A = Elapsed time spent in this place.
 B = Non-inter-level travel time spent in this place.
 C = Inter-level travel time spent in this place.
 D = Time resting spent in this place.
 E = Time spent auto-exploring this place.
 F = Levels seen in this place.
 G = Mean time per level.
                   A        B        C        D        E       F      G
               +--------+--------+--------+--------+--------+-----+--------+
         Total |   8393 |   8194 |    199 |    304 |   6874 |   9 |  932.6 |
       Dungeon |   8262 |   8078 |    184 |    304 |   6765 |   8 | 1032.8 |
        Temple |    130 |    115 |     15 |      0 |    109 |   1 |  130.0 |
               +--------+--------+--------+--------+--------+-----+--------+

Top non-repeatable levels by time:
     D:7: 1776 daAuts
     D:3: 1740 daAuts
     D:4: 1581 daAuts
     D:6: 1451 daAuts
     D:5: 844 daAuts
     D:8: 556 daAuts
     D:2: 200 daAuts
  Temple: 130 daAuts
     D:1: 112 daAuts
